 Dungeon Crawl Stone Soup version 0.23.2-30-g0e89c35649 (webtiles) character file.

Game seed: 6770955396945905633

277 pTCGFNYNwU3Fd6TS the Skirmisher (level 6, -4/39 HPs)
             Began as a Gargoyle Berserker on June 9, 2019.
             Was a Priest of Trog.
             Killed by divine providence
             ... invoked by an orc priest
              (12 damage)
             ... on level 4 of the Dungeon.
             The game lasted 00:19:43 (4515 turns).

pTCGFNYNwU3Fd6TS the Skirmisher (GrBe)              Turns: 4515, Time: 00:19:44

Health: -4/39      AC: 10    Str: 21    XL:     6   Next: 25%
Magic:  6/6        EV: 11    Int:  8    God:    Trog [***...]
Gold:   112        SH:  4    Dex: 10    Spells: 5/5 levels left

rFire    . . .     SeeInvis .   a - +0 mace
rCold    . . .     Gourm    .   (no shield)
rNeg     + . .     Faith    .   p - +0 ring mail
rPois    ∞         Spirit   .   (no helmet)
rElec    +         Reflect  +   (no cloak)
rCorr    .         Harm     .   (no gloves)
MR       ++...                  (no boots)
Stlth    ..........             s - +4 amulet of reflection
HPRegen  1.13/turn              (no ring)
MPRegen  0.10/turn              (no ring)

@: regenerating
A: negative energy resistance 1, electricity resistance, unbreathing,
petrification resistance, rot immunity, AC +4
a: Berserk, Trog's Hand, Renounce Religion


You were on level 4 of the Dungeon.
You worshipped Trog.
Trog was most pleased with you.
You were not hungry.

You visited 1 branch of the dungeon, and saw 5 of its levels.

You collected 112 gold pieces.

Inventory:

Hand Weapons
 a - a +0 mace (weapon)
Missiles
 k - 3 javelins of returning (quivered)
Armour
 f - a +0 scale mail
 p - a +0 ring mail (worn)
Jewellery
 s - a +4 amulet of reflection (around neck)
Wands
 u - a wand of digging (6)
Scrolls
 b - a scroll of immolation {unknown}
 d - 2 scrolls of teleportation
 g - 3 scrolls of enchant armour
 h - 2 scrolls of blinking
 r - a scroll of remove curse
Potions
 e - 2 potions of might {unknown}
 l - a potion of flight {unknown}
 m - 2 potions of curing {unknown}
 o - a potion of mutation {unknown}
 q - a potion of degeneration {unknown}
 t - a potion of magic {unknown}
Comestibles
 c - 5 rations
 i - 5 chunks of flesh


   Skills:
 + Level 4.7 Fighting
 + Level 4.2 Maces & Flails
 + Level 3.9 Armour
 + Level 2.8 Dodging


You had 5 spell levels left.
You didn't know any spells.
Your spell library was empty.

Dungeon Overview and Level Annotations

Branches:
Dungeon (5/15)
 Temple: D:4-7

Altars:
Sif Muna
Uskayaw
Xom
Yredelemnul


Innate Abilities, Weirdness & Mutations

You are resistant to torment.
Your stone body is resilient. (AC +4)
You are immune to poison.
You resist negative energy. (rN+)
You are resistant to electric shocks. (rElec)
You can survive without breathing.
You are immune to petrification.
You are immune to rotting.


Message History

The orc priest is severely wounded.
The orc priest closely misses you. x2
You closely miss the orc priest.
The orc priest is severely wounded.
The orc priest closely misses you. The orc priest hits you with a +0 whip.
You thump the orc priest!
You kill the orc priest!
Trog accepts your kill.
The orc priest hits you but does no damage.
The orc priest invokes the aid of Beogh against you.
Beogh smites you!
* * * LOW HITPOINT WARNING * * *
The orc closely misses you.
You closely miss the orc.
The howler monkey hoots and howls with incredible vigour!
The orc priest hits you but does no damage.
The orc hits you but does no damage.
The orc priest calls down the wrath of Beogh upon you.
Beogh smites you!
You die...

###.### ## ##.....##
.. #..#.(.....#...
#..#.......#...
....._..... ##.
#......o# ...#
#..%....#....# .
#..ooh# .....
#..####@####.....
#................
#.###.#..........
#.###..........#
#.....#.......##
#.......)....#
###..................
#.........##.......
##.......####......


You could see a howler monkey, 2 orc priests and an orc.

Vanquished Creatures
  An orc wizard (D:3)
  An orc priest (D:4)
  6 adders
  4 gnolls (D:3)
  2 oozes (D:2)
  An adder skeleton (D:3)
  3 worms
  3 leopard geckos (D:1)
  10 orcs
  2 giant cockroaches
  13 goblins
  8 hobgoblins
  10 jackals
  8 kobolds
  3 quokkas
  A ball python (D:3)
  A ball python skeleton (D:4)
  8 bats
  4 frilled lizards
  5 rats
94 creatures vanquished.

Notes
Turn   | Place    | Note
-------+----------+-------------------------------------------
     0 | D:1      | pTCGFNYNwU3Fd6TS the Gargoyle Berserker began the quest for
                  | the Orb.
     0 | D:1      | Reached XP level 1. HP: 14/14 MP: 1/1
    10 | D:1      | Found a shimmering altar of Xom.
    80 | D:2      | Reached XP level 2. HP: 12/19 MP: 2/2
   416 | D:1      | Reached XP level 3. HP: 22/23 MP: 3/3
   749 | D:1      | Reached ** piety under Trog
  1938 | D:2      | Reached XP level 4. HP: 25/29 MP: 4/4
  3131 | D:2      | Reached XP level 5. HP: 23/33 MP: 5/5
  3543 | D:3      | Reached *** piety under Trog
  3637 | D:3      | Found a deep blue altar of Sif Muna.
  3637 | D:3      | Found a hide-covered altar of Uskayaw.
  4123 | D:3      | Reached XP level 6. HP: 37/39 MP: 6/6
  4484 | D:5      | Entered Level 5 of the Dungeon
  4501 | D:4      | Found a basalt altar of Yredelemnul.
  4515 | D:4      | Killed from afar by an orc priest

Skill      XL: |  1  2  3  4  5 |
---------------+----------------+-----
Dodging        | 2 |  2.8
Armour         | 3 |  3.9
Fighting       | 4 |  4.7
Maces & Flails | 4 |  4.2

Action                   |  1- 3 |  4- 6 || total
-------------------------+-------+-------++-------
Melee: Mace              |   117 |   256 ||   373
Throw: Javelin           |       |     3 ||     3
Invok: Trog's Hand       |       |     2 ||     2
  Use: Scroll            |       |     6 ||     6
  Eat: Chunk             |     1 |     8 ||     9
       Ration            |     1 |       ||     1
Armor: Animal skin       |    19 |       ||    19
       Leather armour    |    31 |    71 ||   102
       Ring mail         |       |    54 ||    54
Dodge: Dodged            |   107 |   231 ||   338
Block: Other             |       |    15 ||    15
